[ AOE2 MATCH · #504874146 ]
UnrankedCelts vs Mongols
Player's team · LOSS
Rival team · WIN
[ REPLAY ANALYSIS · EXTRACTED FROM THE RECORDED GAME ]
Feudal
9:37
Castle
23:59
Imperial
37:24
| APM avg | 52.5 |
| APM peak | 88 |
| eAPM avg | 22.3 |
| Villagers / military | 95 / 92 |
Focus
⚔️ 36.1% · 🌾 63.9%
Archer ×41 · Skirmisher ×23 · Spearman ×13 · Woad Raider ×6 · Mangonel ×4 · Battering Ram ×4
Feudal
8:57
Castle
22:55
Imperial
—
| APM avg | 42.9 |
| APM peak | 75 |
| eAPM avg | 21.1 |
| Villagers / military | 98 / 88 |
Focus
⚔️ 48.5% · 🌾 51.5%
Mangudai ×27 · Knight ×18 · Battering Ram ×16 · Skirmisher ×15 · Mangonel ×9 · Spearman ×2
Match map
Initial resources + every placement click. Lines = walls · curves = elevation contours. ◆ gold · ⬟ stone · ● berries · ✦ relic · ◌ wall gap
Your base· Open — 4t gap
xingxing's base· Open — 4t gap
Smoothed initial terrain · ◌ = detected wall gap · hover for details
Inputs per minute
— _DY_孟川 - - xingxing
Build order — _DY_孟川
First 150 of 320 actions detected
| 0:01 | Queue | Villager (Male) |
| 0:02 | Build | House |
| 0:04 | Build | House |
| 0:07 | Queue | Villager (Male) |
| 0:07 | Queue | Villager (Male) |
| 0:10 | Queue | Villager (Male) |
| 0:10 | Queue | Villager (Male) |
| 1:27 | Queue | Villager (Male) |
| 1:58 | Queue | Villager (Male) |
| 1:58 | Queue | Villager (Male) |
| 2:07 | Build | Lumber Camp |
| 2:20 | Queue | Villager (Male) |
| 2:50 | Queue | Villager (Male) |
| 3:07 | Queue | Villager (Male) |
| 3:07 | Queue | Villager (Male) |
| 3:34 | Build | House |
| 3:40 | Queue | Villager (Male) |
| 3:59 | Queue | Villager (Male) |
| 4:20 | Queue | Villager (Male) |
| 4:35 | Build | Mill |
| 4:46 | Queue | Villager (Male) |
| 5:12 | Queue | Villager (Male) |
| 5:46 | Queue | Villager (Male) |
| 5:55 | Research | Loom |
| 6:17 | Build | Mining Camp |
| 6:37 | Queue | Villager (Male) |
| 7:27 | Research | Feudal Age |
| 7:41 | Build | Palisade Wall |
| 7:42 | Build | Palisade Wall |
| 7:57 | Build | Palisade Wall |
| 8:12 | Build | Palisade Wall |
| 8:21 | Build | Palisade Wall |
| 8:44 | Build | Barracks |
| 9:00 | Build | House |
| 9:22 | Build | Palisade Wall |
| 9:37 | Age | Feudal Age |
| 9:42 | Queue | Villager (Male) |
| 9:44 | Build | Archery Range |
| 9:48 | Research | Double-Bit Axe |
| 9:49 | Queue | Villager (Male) |
| 10:14 | Build | Palisade Wall |
| 10:16 | Build | Palisade Wall |
| 10:17 | Build | Palisade Wall |
| 10:31 | Build | Farm |
| 10:32 | Build | Farm |
| 10:37 | Build | Farm |
| 10:38 | Queue | Villager (Male) |
| 10:44 | Build | House |
| 10:45 | Queue | Archer |
| 10:47 | Build | Palisade Wall |
| 10:51 | Queue | Villager (Male) |
| 11:00 | Queue | Archer |
| 11:06 | Build | Farm |
| 11:16 | Build | Lumber Camp |
| 11:30 | Queue | Villager (Male) |
| 11:46 | Queue | Archer |
| 11:49 | Build | Farm |
| 11:57 | Queue | Villager (Male) |
| 12:02 | Build | Palisade Wall |
| 12:02 | Build | Palisade Wall |
| 12:13 | Build | Farm |
| 12:19 | Queue | Villager (Male) |
| 12:28 | Build | Farm |
| 12:46 | Build | Watch Tower |
| 12:56 | Build | Palisade Wall |
| 12:58 | Queue | Villager (Male) |
| 13:07 | Build | Farm |
| 13:09 | Build | Farm |
| 13:14 | Queue | Villager (Male) |
| 13:30 | Build | House |
| 13:39 | Build | Mining Camp |
| 13:42 | Queue | Villager (Male) |
| 14:04 | Build | House |
| 14:16 | Build | Farm |
| 14:33 | Queue | Archer |
| 14:34 | Queue | Villager (Male) |
| 14:37 | Build | Blacksmith |
| 14:42 | Build | Farm |
| 14:42 | Build | Farm |
| 14:55 | Queue | Villager (Male) |
| 15:07 | Build | House |
| 15:09 | Build | Palisade Wall |
| 15:17 | Queue | Villager (Male) |
| 15:22 | Build | Watch Tower |
| 15:26 | Research | Fletching |
| 15:27 | Research | Fletching |
| 15:32 | Build | Farm |
| 15:45 | Queue | Villager (Male) |
| 16:10 | Build | Mill |
| 16:13 | Queue | Villager (Male) |
| 16:28 | Queue | Villager (Male) |
| 16:42 | Build | Palisade Wall |
| 17:06 | Queue | Villager (Male) |
| 17:07 | Build | Farm |
| 17:08 | Build | Farm |
| 17:08 | Build | Farm |
| 17:08 | Build | Farm |
| 17:08 | Build | Farm |
| 17:09 | Build | Farm |
| 17:27 | Build | Mining Camp |
| 17:37 | Queue | Villager (Male) |
| 17:43 | Build | House |
| 17:44 | Build | Stone Wall |
| 17:51 | Build | Farm |
| 17:53 | Build | Farm |
| 17:55 | Queue | Villager (Male) |
| 18:15 | Queue | Villager (Male) |
| 18:18 | Build | Market |
| 18:48 | Queue | Villager (Male) |
| 18:50 | Queue | Villager (Male) |
| 19:02 | Build | Lumber Camp |
| 19:18 | Build | Archery Range |
| 19:43 | Queue | Villager (Male) |
| 19:51 | Build | Farm |
| 20:10 | Queue | Villager (Male) |
| 20:28 | Build | Archery Range |
| 20:33 | Queue | Villager (Male) |
| 20:42 | Build | Lumber Camp |
| 21:16 | Build | House |
| 21:19 | Research | Castle Age |
| 21:28 | Build | House |
| 21:29 | Build | House |
| 21:33 | Queue | Archer |
| 21:34 | Queue | Archer |
| 21:34 | Queue | Archer |
| 21:54 | Research | Horse Collar |
| 21:58 | Research | Gold Mining |
| 22:01 | Queue | Archer |
| 22:01 | Queue | Archer |
| 22:01 | Queue | Archer |
| 22:05 | Build | Stone Wall |
| 22:11 | Build | House |
| 22:12 | Build | House |
| 22:13 | Build | House |
| 22:14 | Build | Stone Wall |
| 22:20 | Queue | Archer |
| 23:59 | Age | Castle Age |
| 24:03 | Research | Crossbowman (upgrade) |
| 24:04 | Research | Bodkin Arrow |
| 24:05 | Queue | Villager (Male) |
| 24:05 | Queue | Villager (Male) |
| 24:07 | Queue | Villager (Male) |
| 24:08 | Queue | Villager (Male) |
| 24:08 | Queue | Villager (Male) |
| 24:21 | Build | Castle |
| 24:28 | Build | Farm |
| 24:36 | Build | Siege Workshop |
| 24:48 | Queue | Archer |
| 24:49 | Queue | Archer |
| 24:49 | Queue | Archer |
Build order — xingxing
First 150 of 310 actions detected
| 0:01 | Queue | Villager (Male) |
| 0:01 | Queue | Villager (Male) |
| 0:02 | Queue | Villager (Male) |
| 0:02 | Queue | Villager (Male) |
| 0:04 | Build | House |
| 1:25 | Queue | Villager (Male) |
| 1:25 | Queue | Villager (Male) |
| 2:04 | Queue | Villager (Male) |
| 2:04 | Queue | Villager (Male) |
| 2:18 | Queue | Villager (Male) |
| 2:18 | Queue | Villager (Male) |
| 2:25 | Build | Lumber Camp |
| 2:35 | Research | Loom |
| 2:38 | Build | House |
| 2:47 | Queue | Villager (Male) |
| 3:22 | Queue | Villager (Male) |
| 3:31 | Queue | Villager (Male) |
| 3:38 | Queue | Villager (Male) |
| 3:38 | Queue | Villager (Male) |
| 4:04 | Build | House |
| 4:06 | Queue | Villager (Male) |
| 4:45 | Queue | Villager (Male) |
| 5:04 | Build | Mill |
| 5:36 | Queue | Villager (Male) |
| 6:11 | Build | Lumber Camp |
| 6:13 | Queue | Villager (Male) |
| 6:42 | Research | Feudal Age |
| 7:49 | Build | House |
| 8:07 | Build | Barracks |
| 8:16 | Queue | Villager (Male) |
| 8:57 | Age | Feudal Age |
| 9:00 | Build | Archery Range |
| 9:02 | Research | Double-Bit Axe |
| 9:02 | Queue | Spearman |
| 9:03 | Queue | Villager (Male) |
| 9:15 | Queue | Spearman |
| 9:34 | Queue | Archer |
| 9:34 | Queue | Skirmisher |
| 9:51 | Build | Watch Tower |
| 9:54 | Queue | Skirmisher |
| 9:59 | Queue | Villager (Male) |
| 9:59 | Queue | Villager (Male) |
| 10:03 | Build | House |
| 10:20 | Queue | Skirmisher |
| 10:37 | Queue | Villager (Male) |
| 10:43 | Build | Mining Camp |
| 10:51 | Queue | Villager (Male) |
| 10:52 | Build | House |
| 11:18 | Queue | Skirmisher |
| 11:33 | Build | Blacksmith |
| 11:38 | Queue | Skirmisher |
| 11:46 | Queue | Villager (Male) |
| 11:54 | Queue | Villager (Male) |
| 12:05 | Research | Fletching |
| 12:07 | Build | House |
| 12:08 | Queue | Villager (Male) |
| 12:08 | Queue | Villager (Male) |
| 12:18 | Build | Mill |
| 12:34 | Build | House |
| 12:44 | Queue | Skirmisher |
| 12:49 | Queue | Villager (Male) |
| 12:51 | Build | Farm |
| 13:11 | Build | Watch Tower |
| 13:13 | Build | Palisade Wall |
| 13:14 | Build | Palisade Wall |
| 13:14 | Build | Palisade Wall |
| 13:15 | Build | Palisade Wall |
| 13:16 | Build | Palisade Wall |
| 13:17 | Build | Palisade Wall |
| 13:25 | Queue | Skirmisher |
| 13:28 | Build | Farm |
| 13:31 | Build | Farm |
| 13:33 | Queue | Villager (Male) |
| 13:43 | Build | House |
| 13:52 | Queue | Skirmisher |
| 14:05 | Queue | Villager (Male) |
| 14:10 | Build | Farm |
| 14:26 | Build | House |
| 14:28 | Build | Palisade Wall |
| 14:43 | Queue | Skirmisher |
| 15:04 | Build | House |
| 15:13 | Queue | Villager (Male) |
| 15:13 | Queue | Villager (Male) |
| 15:15 | Build | Farm |
| 15:16 | Build | Farm |
| 15:28 | Build | Watch Tower |
| 15:30 | Build | Palisade Wall |
| 15:31 | Build | Palisade Wall |
| 15:31 | Build | Palisade Wall |
| 15:32 | Build | Palisade Wall |
| 15:33 | Build | Palisade Wall |
| 15:41 | Queue | Skirmisher |
| 15:41 | Queue | Skirmisher |
| 16:02 | Queue | Skirmisher |
| 16:19 | Queue | Villager (Male) |
| 16:19 | Queue | Villager (Male) |
| 16:21 | Build | Mining Camp |
| 16:31 | Build | Farm |
| 16:59 | Queue | Skirmisher |
| 17:03 | Build | House |
| 17:09 | Queue | Villager (Male) |
| 17:10 | Queue | Villager (Male) |
| 17:13 | Build | Farm |
| 17:16 | Build | Farm |
| 17:44 | Build | Watch Tower |
| 17:47 | Build | House |
| 18:05 | Queue | Villager (Male) |
| 18:05 | Queue | Villager (Male) |
| 18:11 | Build | Farm |
| 18:14 | Build | Farm |
| 18:44 | Queue | Villager (Male) |
| 18:48 | Build | Farm |
| 18:53 | Queue | Skirmisher |
| 18:53 | Queue | Skirmisher |
| 19:25 | Queue | Villager (Male) |
| 19:48 | Build | House |
| 19:52 | Build | House |
| 19:57 | Build | House |
| 20:15 | Research | Castle Age |
| 20:33 | Build | Stable |
| 20:52 | Build | Lumber Camp |
| 20:57 | Research | Stone Mining |
| 21:23 | Build | House |
| 21:33 | Research | Bloodlines |
| 22:02 | Queue | Villager (Male) |
| 22:03 | Research | Gold Mining |
| 22:11 | Build | House |
| 22:36 | Build | Market |
| 22:55 | Age | Castle Age |
| 22:57 | Build | House |
| 22:59 | Queue | Knight |
| 23:03 | Queue | Villager (Male) |
| 23:19 | Build | Castle |
| 23:35 | Queue | Villager (Male) |
| 23:43 | Build | University |
| 23:53 | Research | Bodkin Arrow |
| 24:04 | Queue | Villager (Male) |
| 24:07 | Build | Farm |
| 24:37 | Build | Siege Workshop |
| 24:44 | Queue | Villager (Male) |
| 24:44 | Queue | Villager (Male) |
| 25:09 | Build | Lumber Camp |
| 25:15 | Queue | Mangudai |
| 25:15 | Queue | Mangudai |
| 26:00 | Queue | Mangudai |
| 26:01 | Queue | Mangonel |
| 26:04 | Queue | Battering Ram |
| 26:18 | Queue | Villager (Male) |
| 26:20 | Research | Bow Saw |
| 26:22 | Queue | Battering Ram |
Match timeline
| 7:41 | _DY_孟川 · wall_segment Palisade Wall x1 |
| 7:42 | _DY_孟川 · wall_segment Palisade Wall x1 |
| 7:57 | _DY_孟川 · wall_segment Palisade Wall x1 |
| 8:07 | xingxing · first_building Barracks |
| 8:12 | _DY_孟川 · wall_segment Palisade Wall x6 |
| 8:21 | _DY_孟川 · wall_segment Palisade Wall x7 |
| 8:44 | _DY_孟川 · first_building Barracks |
| 8:57 | xingxing · age_up feudal |
| 9:00 | xingxing · first_building Archery Range |
| 9:22 | _DY_孟川 · wall_segment Palisade Wall x1 |
| 9:37 | _DY_孟川 · age_up feudal |
| 9:44 | _DY_孟川 · first_building Archery Range |
| 10:14 | _DY_孟川 · wall_segment Palisade Wall x1 |
| 10:16 | _DY_孟川 · wall_segment Palisade Wall x1 |
| 10:17 | _DY_孟川 · wall_segment Palisade Wall x1 |
| 10:47 | _DY_孟川 · wall_segment Palisade Wall x1 |
| 12:02 | _DY_孟川 · wall_segment Palisade Wall x6 |
| 12:02 | _DY_孟川 · wall_segment Palisade Wall x3 |
| 12:56 | _DY_孟川 · wall_segment Palisade Wall x11 |
| 13:13 | xingxing · wall_segment Palisade Wall x1 |
| 13:14 | xingxing · wall_segment Palisade Wall x1 |
| 13:14 | xingxing · wall_segment Palisade Wall x1 |
| 13:15 | xingxing · wall_segment Palisade Wall x1 |
| 13:16 | xingxing · wall_segment Palisade Wall x1 |
| 13:17 | xingxing · wall_segment Palisade Wall x1 |
| 14:28 | xingxing · wall_segment Palisade Wall x9 |
| 15:09 | _DY_孟川 · wall_segment Palisade Wall x11 |
| 15:30 | xingxing · wall_segment Palisade Wall x1 |
| 15:31 | xingxing · wall_segment Palisade Wall x1 |
| 15:31 | xingxing · wall_segment Palisade Wall x1 |
| 15:32 | xingxing · wall_segment Palisade Wall x1 |
| 15:33 | xingxing · wall_segment Palisade Wall x1 |
| 16:42 | _DY_孟川 · wall_segment Palisade Wall x1 |
| 17:44 | _DY_孟川 · wall_segment Stone Wall x1 |
| 20:33 | xingxing · first_building Stable |
| 20:51 | _DY_孟川 · first_market_sell 100 stone |
| 20:53 | _DY_孟川 · first_market_buy 100 food |
| 22:05 | _DY_孟川 · wall_segment Stone Wall x1 |
| 22:14 | _DY_孟川 · wall_segment Stone Wall x1 |
| 22:55 | xingxing · age_up castle |
| 23:14 | xingxing · first_market_buy 100 stone |
| 23:19 | xingxing · first_building Castle |
| 23:59 | _DY_孟川 · age_up castle |
| 24:21 | _DY_孟川 · first_building Castle |
| 24:36 | _DY_孟川 · first_building Siege Workshop |
| 24:37 | xingxing · first_building Siege Workshop |
| 29:07 | xingxing · first_market_sell 100 food |
| 37:24 | _DY_孟川 · age_up imperial |
| 44:02 | _DY_孟川 · resign |
[ AI ANALYSIS · 1 CREDIT ]
What really happened in this match?
Wolo.gg analyzes every decision: build order, eco, micro, common mistakes by bracket. Personalized analysis on WhatsApp or Discord in 30 seconds.
Civ guide
Celts
Perfil
Jugador #1821855